 Dungeon Crawl Stone Soup version 0.27.1-34-g3ba077fa99 (webtiles) character file.

Game seed: 10903637119972530984

52 Arum the Shield-Bearer (level 4, -3/37 HPs)
             Began as a Formicid Fighter on Jan 3, 2022.
             Slain by an ogre (25 damage)
             ... on level 4 of the Dungeon.
             The game lasted 00:03:11 (2040 turns).

Arum the Shield-Bearer (Formicid Fighter)           Turns: 2040, Time: 00:03:12

Health: -3/37      AC:  6    Str: 27    XL:     4   Next: 8%
Magic:  4/4        EV:  8    Int:  7    God:
Gold:   69         SH: 10    Dex: 11    Spells: 3/3 levels left

rFire    . . .     SeeInvis +   a - +0 quarterstaff
rCold    + . .     Faith    .   c - +0 kite shield
rNeg     . . .     Spirit   .   b - +0 scale mail
rPois    .         Reflect  .   (helmet unavailable)
rElec    .         Harm     .   (no cloak)
rCorr    .         Rampage  .   (no gloves)
Will     .....                  (no boots)
Stlth    ..........             (no amulet)
HPRegen  0.12/turn              h - +6 ring of strength
MPRegen  0.09/turn              j - ring of protection from cold

@: brilliant, flying
A: permanent stasis, dig shafts and tunnels, antennae 3, four strong arms
a: Dig, Shaft Self


You were on level 4 of the Dungeon.
You visited 1 branch of the dungeon, and saw 4 of its levels.

You collected 69 gold pieces.

Inventory:

Hand Weapons
 a - a +0 quarterstaff (weapon)
Armour
 b - a +0 scale mail (worn)
 c - a +0 kite shield (worn)
 i - a +0 plate armour
 s - a +0 tower shield
Jewellery
 h - a +6 ring of strength (left hand)
 j - a ring of protection from cold (right hand)
Scrolls
 e - 4 scrolls of identify {unknown}
 g - 3 scrolls of summoning {unknown}
 l - a scroll of enchant armour {unknown}
 m - a scroll of acquirement {unknown}
 o - a scroll of magic mapping {unknown}
 p - a scroll of silence {unknown}
 q - a scroll of teleportation {unknown}
 r - a scroll of fog {unknown}
Potions
 d - a potion of might


   Skills:
 + Level 4.0 Fighting
 + Level 2.8 Staves
 - Level 3.2 Armour
 + Level 4.3 Shields


You had 3 spell levels left.
You didn't know any spells.
Your spell library contained the following spells:

 Spells                   Type           Power      Damage    Failure   Level
 Animate Skeleton         Necr           0%         N/A       95%         1


Dungeon Overview and Level Annotations

Branches:
Dungeon (4/15)
 Temple: D:4-7

Altars:
Nemelex Xobeh
Trog

Annotations:
D:3 2 transporters, Palewisp's ghost, amateur VSTm


Innate Abilities, Weirdness & Mutations

You cannot be hasted, slowed, berserked, paralysed or teleported.
You can dig through walls and to a lower floor.
You have a pair of large antennae on your head. (SInv)
Your four strong arms can wield two-handed weapons with a shield.


Message History

No target in view!
No target in view!
No target in view!
No target in view!
No target in view!
No target in view!
There is a stone staircase leading up here.
You see here a +0 tower shield.
s - a +0 tower shield Partly explored, unvisited transporter.
Partly explored, unvisited transporter.
Partly explored, unvisited transporter.
There is a stone staircase leading down here.
You climb downwards.
There is a stone staircase leading up here.
An ogre comes into view. It is wielding a +0 giant spiked club.
The ogre shouts!
An ogre is nearby!
It was a potion of haste.
Your stasis prevents you from being hasted.
It was a potion of brilliance.
You feel clever all of a sudden.
It was a potion of flight.
You feel very buoyant.
You fly up into the air.
You barely miss the ogre. You block the ogre's attack.
You hit the ogre.
The ogre is lightly wounded.
You block the ogre's attack.
You thump the ogre!
The ogre is moderately wounded.
The ogre hits you with a +0 giant spiked club!
You barely miss the ogre.
The ogre is moderately wounded.
You block the ogre's attack.
You hit the ogre.
The ogre is heavily wounded.
The ogre hits you with a +0 giant spiked club!!
Ouch! That really hurt!
You die...

########
#......#+#######
#...............
#...............
#...<...........
#...............
#######.@...#+
#.O...# #.....+
#.....# ......#
.........
..#####... ...
...


You could see an ogre.

Vanquished Creatures
  An adder (D:3)
  6 ball pythons
  An endoplasm (D:1)
  2 giant cockroaches (D:1)
  7 goblins
  8 hobgoblins
  4 bats
  2 frilled lizards (D:1)
  4 kobolds
  8 rats
43 creatures vanquished.

Notes
Turn   | Place    | Note
-------+----------+-------------------------------------------
     0 | D:1      | Arum the Formicid Fighter began the quest for the Orb.
     0 | D:1      | Reached XP level 1. HP: 18/18 MP: 1/1
    42 | D:1      | Reached XP level 2. HP: 17/24 MP: 2/2
   214 | D:1      | Found a faded altar of an unknown god.
   248 | D:1      | Got Plato's Compendium of Sinister Rituals
   366 | D:1      | Reached XP level 3. HP: 25/30 MP: 3/3
  1426 | D:3      | Found a bloodstained altar of Trog.
  1426 | D:3      | Found a sparkling altar of Nemelex Xobeh.
  1616 | D:3      | Found a transporter.
  1619 | D:3      | Noticed an ogre
  1619 | D:3      | Noticed Palewisp's ghost (amateur VSTm)
  1619 | D:3      | Noticed an ogre
  1620 | D:3      | Identified the +2 great mace of the Leaping Vulture {venom,
                  | Fragile rPois Dex+3 Stlth+}
  1620 | D:3      | Noticed an ogre
  1629 | D:3      | Found a transporter.
  1804 | D:3      | Reached XP level 4. HP: 37/37 MP: 4/4
  2030 | D:4      | Noticed an ogre
  2040 | D:4      | Slain by an ogre

Illustrated notes

Levels and vault maps discovered:
D:1:      mainiacjoe_arrival_reflecting_pool, layout_rooms,
          shapermc_ecumenical_altar_rom_forum
D:2:      layout_loops_ring, minmay_misc_feat_encased
D:3:      wander_river, layout_basic, gammafunk_temple_overflow_pools,
          gammafunk_ghost_smash
D:4:      layout_gridville, minmay_misc_feat_cross

Skill      XL: |  1  2  3 |
---------------+----------+-----
Shields        | 4 |  4.3
Fighting       | 4 |  4.0
Staves         | |  2.8
Armour         | |  3.2

Action                   |  1- 3 |  4- 6 || total
-------------------------+-------+-------++-------
Melee: Quarterstaff      |   103 |    20 ||   123
  Use: Potion            |       |     3 ||     3
Armor: Scale mail        |    34 |     4 ||    38
Dodge: Dodged            |    24 |     3 ||    27
Block: Kite shield       |    39 |    12 ||    51
